 Dungeon Crawl Stone Soup version 0.29-a0-362-g5854e031c7 (webtiles) character file.

Game seed: 13348639088468309392

167 HendSelp the Skirmisher (level 5, -1/57 HPs)
             Began as an Ogre Berserker on Apr 29, 2022.
             Was a Believer of Trog.
             Slain by Pikel
             ... wielding a +1 whip of freezing
              (3 damage)
             ... on level 3 of the Dungeon.
             The game lasted 00:03:27 (2546 turns).

HendSelp the Skirmisher (Ogre Berserker)            Turns: 2546, Time: 00:03:30

Health: -1/57      AC:  3    Str: 23    XL:     5   Next: 48%
Magic:  5/5        EV: 10    Int:  8    God:    Trog [**....]
Gold:   236        SH:  0    Dex: 14    Spells: 4/4 levels left

rFire   . . .      SeeInvis .   a - +0 mace
rCold   . . .      Faith    .   (no shield)
rNeg    . . .      Spirit   .   b - +0 animal skin
rPois   .          Reflect  .   (helmet restricted)
rElec   .          Harm     +   j - scarf {harm}
rCorr   .          Rampage  .   (gloves unavailable)
Will    ++...                   (boots unavailable)
Stlth   +.........              h - amulet of magic regeneration
HPRegen 1.19/turn               c - +6 ring of dexterity
MPRegen 0.49/turn               (no ring)

@: strong-willed, on berserk cooldown, regenerating, slowed, very slow
A: large, unfitting armour, tough skin 1, talons 1, deterioration 1
a: Renounce Religion, Berserk, Trog's Hand


You were on level 3 of the Dungeon.
You worshipped Trog.
Trog was pleased with you.
You visited 1 branch of the dungeon, and saw 4 of its levels.

You collected 236 gold pieces.

Inventory:

Hand Weapons
 a - a +0 mace (weapon)
Missiles
 f - 5 large rocks
Armour
 b - a +0 animal skin (worn)
 j - a scarf of harm (worn)
Jewellery
 c - a +6 ring of dexterity (left hand)
 h - an amulet of magic regeneration (around neck)
Potions
 d - 2 potions of attraction
 g - 2 potions of flight
 k - a potion of mutation


   Skills:
 + Level 5.1 Fighting
 * Level 5.0 Maces & Flails
 - Level 2.6 Dodging


You had 4 spell levels left.
You didn't know any spells.
Your spell library was empty.

Dungeon Overview and Level Annotations

Branches:
Dungeon (4/15)
 Temple: D:4-7

Altars:
Sif Muna
Trog

Shops:
D:2 *   D:3 (

Annotations:
D:3 Pikel


Innate Abilities, Weirdness & Mutations

You are too large for most types of armour.
You have tough skin. (AC +1)
You have sharp toenails.
Your body sometimes deteriorates upon taking damage.


Message History

Here: Pikel, wielding a +1 whip of freezing and wearing a +0 robe The floor.
Unknown command.
You feel better. Pikel barely misses you.
You feel better.
Pikel hits you with a +1 whip of freezing!
Pikel freezes you.
* * * LOW HITPOINT WARNING * * *
Your skin crawls.
You feel strong-willed.
Pikel hits you with a +1 whip of freezing!
* * * LOW HITPOINT WARNING * * *
Pikel freezes you.
* * * LOW HITPOINT WARNING * * *
A red film seems to cover your vision as you go berserk!
You feel yourself moving faster!
You feel mighty! Pikel closely misses you.
You closely miss Pikel. Pikel hits you but does no damage.
Unknown command.
Unknown command.
Unknown command.
You closely miss Pikel.
Unknown command.
You barely miss Pikel.
Pikel hits you with a +1 whip of freezing.
* * * LOW HITPOINT WARNING * * *
Pikel freezes you.
* * * LOW HITPOINT WARNING * * *
Unknown command.
Unknown command.
You feel a strong urge to attack something.
You are no longer berserk.
You are exhausted.
You feel yourself slow down.
It was a potion of mutation.
You feel extremely strange.
You feel yourself wasting away.
Your toenails lengthen and sharpen.
Pikel says, "You'll rust in Dis!"
Pikel hits you with a +1 whip of freezing.
* * * LOW HITPOINT WARNING * * *
Pikel freezes you.
You die...

....................#.....#...#
###)...##..#........#.....#...#
#....###.#####.##.#######...#
#....# #..# #.............##
#....# ##.## #.#...####....#
#....# #..# #.##### ######
#....# ##.###.# #....#
#..##.################ #....#
##.##@#<.............# ######
#.##K#.#######.###.?#
#.##5#.#.....#'###'##
#.##5#.......#.....#
#..#.#.##....#.###.#
##.#.#.......#.....##
#...####....+.._..'.
##(.####....#.....#.
##.>..##...##.###.#.


You could see Pikel and 2 lemures.

Vanquished Creatures
  An orc priest (D:3)
  An orc wizard (D:3)
  3 adders (D:2)
  2 dart slugs
  A worm (D:2)
  3 orcs (D:3)
  7 bats
  5 endoplasms
  2 giant cockroaches (D:3)
  12 hobgoblins
  2 jackals (D:3)
  4 quokkas
  4 ball pythons
  4 frilled lizards
  7 goblins
  4 kobolds
  13 rats
75 creatures vanquished.

Notes
Turn   | Place    | Note
-------+----------+-------------------------------------------
     0 | D:1      | HendSelp the Ogre Berserker began the quest for the Orb.
     0 | D:1      | Reached XP level 1. HP: 24/24 MP: 1/1
    82 | D:1      | Reached XP level 2. HP: 32/32 MP: 2/2
   318 | D:1      | Reached XP level 3. HP: 40/40 MP: 3/3
   465 | D:1      | Found a faded altar of an unknown god.
  1043 | D:2      | Found Vuasoygu's General Store.
  1071 | D:2      | Reached ** piety under Trog
  1331 | D:2      | Reached XP level 4. HP: 48/49 MP: 4/4
  2005 | D:3      | Found a bloodstained altar of Trog.
  2045 | D:3      | Found Egru's Weapon Shop.
  2051 | D:3      | Reached skill level 5 in Fighting
  2051 | D:3      | Reached XP level 5. HP: 57/57 MP: 5/5
  2209 | D:3      | Found a shimmering blue altar of Sif Muna.
  2263 | D:3      | Reached skill level 5 in Maces & Flails
  2525 | D:4      | Noticed Pikel
  2525 | D:4      | Noticed a lemure
  2525 | D:4      | Noticed a lemure
  2525 | D:4      | Noticed a lemure
  2525 | D:4      | Noticed a lemure
  2546 | D:3      | Gained mutation: Your body sometimes deteriorates upon
                  | taking damage. [potion of mutation]
  2546 | D:3      | Gained mutation: You have sharp toenails. [potion of
                  | mutation]
  2546 | D:3      | HP: 2/57 [Pikel/+1 whip of freezing (7)]
  2546 | D:3      | Slain by Pikel

Illustrated notes

Levels and vault maps discovered:
D:1:      ncdulo_lavacross, layout_basic,
          hellmonk_ecumenical_altar_pennies_from_heaven
D:2:      layout_rooms, serial_shops, shop
D:3:      layout_basic, mainiacjoe_overflow_six_doors_small,
          amcnicky_altar_gilded, serial_shops, nicolae_square_shop
D:4:      minmay_chambers_of_twos, layout_rooms, uniq_pikel

Skill      XL: |  1  2  3  4  5 |
---------------+----------------+-----
Maces & Flails | 3 4 5 |  5.0
Fighting       | 5 |  5.1
Dodging        | |  2.6

Action                   |  1- 3 |  4- 6 || total
-------------------------+-------+-------++-------
Melee: Mace              |    78 |    78 ||   156
Invok: Berserk           |     2 |     2 ||     4
       Trog's Hand       |       |     1 ||     1
  Use: Scroll            |     8 |     3 ||    11
       Potion            |       |     3 ||     3
 Stab: Sleeping          |     1 |       ||     1
Armor: Animal skin       |    36 |    25 ||    61
Dodge: Dodged            |    45 |    53 ||    98

Table legend: (Time is in decaauts)
 A = Elapsed time spent in this place.
 B = Non-inter-level travel time spent in this place.
 C = Inter-level travel time spent in this place.
 D = Time resting spent in this place.
 E = Time spent auto-exploring this place.
 F = Levels seen in this place.
 G = Mean time per level.
                   A        B        C        D        E       F      G
               +--------+--------+--------+--------+--------+-----+--------+
         Total |   2598 |   2400 |    198 |    234 |   1711 |   4 |  649.5 |
       Dungeon |   2598 |   2400 |    198 |    234 |   1711 |   4 |  649.5 |
               +--------+--------+--------+--------+--------+-----+--------+

Top non-repeatable levels by time:
     D:1: 1026 daAuts
     D:3: 787 daAuts
     D:2: 780 daAuts
     D:4: 5 daAuts
